 Dungeon Crawl Stone Soup version 0.28-a0-265-g048bc9fd10 (webtiles) character file.

Game seed: 1199389233742816159

170 speeev33 the Poker (level 5, -4/48 (50) HPs)
             Began as a Minotaur Berserker on Aug 28, 2021.
             Was a Believer of Trog.
             Slain by an ogre (29 damage)
             ... on level 4 of the Dungeon.
             The game lasted 00:03:13 (2561 turns).

speeev33 the Poker (Minotaur Berserker)             Turns: 2561, Time: 00:03:15

HP:   -4/48 (50)    AC:  9    Str: 23    XL:     5   Next: 26%
MP:   4/4           EV:  8    Int:  4    God:    Trog [**....]
Gold: 111           SH:  0    Dex:  9    Spells: 4/4 levels left

rFire   . . .      SeeInvis .   a - +0 spear
rCold   . . .      Faith    .   (no shield)
rNeg    . . .      Spirit   .   m - +0 chain mail
rPois   .          Reflect  .   (helmet restricted)
rElec   .          Harm     .   (no cloak)
rCorr   .          Rampage  .   (no gloves)
Will    .....                   h - +0 pair of boots
Stlth   ..........              (no amulet)
HPRegen 0.16/turn               (no ring)
MPRegen 0.09/turn               (no ring)

@: lightly drained
A: horns 2, retaliatory headbutt
a: Renounce Religion, Berserk, Trog's Hand


You were on level 4 of the Dungeon.
You worshipped Trog.
Trog was pleased with you.
You visited 1 branch of the dungeon, and saw 4 of its levels.

You collected 111 gold pieces.

Inventory:

Hand Weapons
 a - a +0 spear (weapon)
Missiles
 f - 7 atropa-tipped darts (quivered)
Armour
 h - a +0 pair of boots (worn)
 l - a +1 robe of cold resistance
 m - a +0 chain mail (worn)
Jewellery
 d - a ring of ice
 i - a ring of poison resistance
Scrolls
 b - a scroll of noise {unknown}
Potions
 e - a potion of curing
 g - a potion of flight


   Skills:
 + Level 5.7 Fighting
 + Level 5.7 Polearms
 - Level 2.4 Armour
 - Level 2.1 Dodging


You had 4 spell levels left.
You didn't know any spells.
Your spell library was empty.

Dungeon Overview and Level Annotations

Branches:
Dungeon (4/15)
 Temple: D:4-7

Altars:
Cheibriados
Fedhas
Zin


Innate Abilities, Weirdness & Mutations

You have a pair of horns on your head.
You reflexively headbutt those who attack you in melee.


Message History

The ogre is lightly wounded.
You hit the ogre.
The ogre is lightly wounded.
The ogre closely misses you. You furiously retaliate!
You headbutt the ogre. You closely miss the ogre.
The ogre is lightly wounded.
The ogre hits you with a +0 giant club!
You hit the ogre.
The ogre is moderately wounded.
You barely miss the ogre.
The ogre is moderately wounded.
The ogre hits you with a +0 giant club.
You are too injured to fight recklessly!
You are too injured to fight recklessly!
You are too injured to fight recklessly!
You are too injured to fight recklessly!
You are too injured to fight recklessly!
You are too injured to fight recklessly!
You are too injured to fight recklessly!
You are too injured to fight recklessly!
You are too injured to fight recklessly!
You are too injured to fight recklessly!
You are too injured to fight recklessly!
You are too injured to fight recklessly!
You are too injured to fight recklessly!
You are too injured to fight recklessly!
You are too injured to fight recklessly!
You are too injured to fight recklessly!
You are too injured to fight recklessly!
You are too injured to fight recklessly!
You barely miss the ogre.
The ogre is moderately wounded.
You hit the ogre. Your headbutt misses the ogre.
The ogre is heavily wounded.
The ogre barely misses you.
You barely miss the ogre. Your headbutt misses the ogre.
The ogre is heavily wounded.
The ogre hits you with a +0 giant club!!
Ouch! That really hurt!
You die...

####.### #...K.#
#.#..O###
#.......#
#....o..# #####.#
#....o..# #.....#
#.#...### #.#####
#.....####### #.#
###......O@.# #.#
#########.#####.#
#.......#
#########


You could see an ogre.

Vanquished Creatures
  2 orc wizards (D:4)
  2 adders (D:2)
  2 worms (D:2)
  11 orcs
  6 ball pythons
  6 bats
  4 endoplasms
  2 giant cockroaches
  7 goblins
  5 hobgoblins
  9 jackals
  8 kobolds
  3 frilled lizards
67 creatures vanquished.

Vanquished Creatures (others)
  An orc wizard (D:4)
1 creature vanquished.

Grand Total: 68 creatures vanquished

Notes
Turn   | Place    | Note
-------+----------+-------------------------------------------
     0 | D:1      | speeev33 the Minotaur Berserker began the quest for the
                  | Orb.
     0 | D:1      | Reached XP level 1. HP: 19/19 MP: 0/0
    73 | D:1      | Reached XP level 2. HP: 22/27 MP: 1/1
   542 | D:2      | Reached XP level 3. HP: 34/34 MP: 2/2
   974 | D:2      | Found a faded altar of an unknown god.
   978 | D:2      | Reached ** piety under Trog
  1244 | D:2      | Reached XP level 4. HP: 36/41 MP: 3/3
  1307 | D:2      | Found a snail-covered altar of Cheibriados.
  1574 | D:3      | Found a glowing silver altar of Zin.
  1631 | D:3      | Reached skill level 5 in Polearms
  1638 | D:3      | Reached skill level 5 in Fighting
  1913 | D:3      | Found a blossoming altar of Fedhas.
  2297 | D:4      | Reached XP level 5. HP: 13/48 MP: 4/4
  2301 | D:4      | Noticed a necrophage
  2304 | D:4      | Noticed a black bear
  2311 | D:4      | HP: 2/49 [necrophage (4)]
  2517 | D:4      | Noticed an ogre
  2561 | D:4      | Slain by an ogre

Illustrated notes

Levels and vault maps discovered:
D:1:      lemuel_arrival_river_bridge, layout_rooms, serial_bayou_pond_e
D:2:      layout_loops_ring, basic_altar,
          hellmonk_ecumenical_altar_prayer_group, kennysheep_minor_cross,
          chequers_serial_rivers_small_3, minmay_tromino_v4_a
D:3:      layout_basic, mainiacjoe_overflow_24_doors,
          nicolae_overflow_crystal_walls
D:4:      layout_loops_cross, kennysheep_little_box

Skill      XL: |  1  2  3  4 |
---------------+-------------+-----
Fighting       | 4 5 |  5.7
Polearms       | 4 5 |  5.7
Armour         | |  2.4
Dodging        | |  2.1

Action                   |  1- 3 |  4- 6 || total
-------------------------+-------+-------++-------
Melee: Spear             |    88 |   104 ||   192
       Headbutt          |     4 |    18 ||    22
  Use: Scroll            |     3 |     4 ||     7
       Potion            |       |     1 ||     1
 Stab: Sleeping          |       |     1 ||     1
Armor: Animal skin       |    14 |     4 ||    18
       Chain mail        |       |    35 ||    35
Dodge: Dodged            |    41 |    46 ||    87

Table legend: (Time is in decaauts)
 A = Elapsed time spent in this place.
 B = Non-inter-level travel time spent in this place.
 C = Inter-level travel time spent in this place.
 D = Time resting spent in this place.
 E = Time spent auto-exploring this place.
 F = Levels seen in this place.
 G = Mean time per level.
                   A        B        C        D        E       F      G
               +--------+--------+--------+--------+--------+-----+--------+
         Total |   2545 |   2415 |    130 |    174 |   1810 |   4 |  636.2 |
       Dungeon |   2545 |   2415 |    130 |    174 |   1810 |   4 |  636.2 |
               +--------+--------+--------+--------+--------+-----+--------+

Top non-repeatable levels by time:
     D:2: 1051 daAuts
     D:3: 718 daAuts
     D:1: 494 daAuts
     D:4: 281 daAuts
